Map: Thunderbird LE

Players

Bly - Winner!

  • Race: Zerg Zerg
  • Spawn Location: 11:00

HolyHit

  • Race: Protoss Protoss
  • Spawn Location: 5:00

VOD

Have the link to the VOD?

Description

Time

  • Played on: Sept. 6, 2019, 4:26 p.m.
  • Length: 9:01
Show
View Real Time Build Order
Export as new Build Order

Bly Zerg - Winner!

Build Orders: 3 Hatch before Pool 

Get SALT Encoding   

  12  0:02  Drone  
  13  0:13  Overlord  
  13  0:17  Drone  
  14  0:31  Drone x2  
  16  0:43  Drone  
  17  1:01  Hatchery  
  16  1:11  Drone  
  17  1:18  Hatchery  
  17  1:21  Drone  
  17  1:25  Drone  
  18  1:37  Extractor  
  17  1:41  Spawning Pool  
  17  1:45  Drone x2  
  18  1:48  Drone  
  19  1:56  Drone  
  20  2:05  Evolution Chamber  
  20  2:07  Drone  
  21  2:12  Hatchery  
  21  2:30  Drone x2  
  21  2:33  Queen x2  
  21  2:35  Overlord  
  26  2:51  Metabolic Boost  
  26  2:53  Zergling x8  
  30  3:00  Drone  
  31  3:06  Drone  
  31  3:09  Queen  
  34  3:25  Drone x5  
  38  3:32  Queen  
  40  3:34  Drone  
  40  3:35  Overlord  
  40  3:40  Overlord  
  39  3:52  Overlord x2  
  39  4:01  Drone x5  
  39  4:02  Drone x2, Queen  
  48  4:07  Overlord  
  48  4:12  Overlord  
  48  4:14  Overlord  
  48  4:23  Drone x5  
  53  4:28  Overlord  
  53  4:32  Spore Crawler x2  
  53  4:33  Drone  
  53  4:34  Drone  
  53  4:42  Drone x4  
  57  4:46  Drone x3  
  60  4:58  Spore Crawler  
  59  5:04  Drone x5  
  59  5:06  Roach Warren, Extractor  
  62  5:07  Extractor, Lair  
  60  5:22  Drone x3  
  60  5:23  Drone x4  
  67  5:30  Overlord  
  67  5:32  Overlord x2  
  67  5:49  Roach x9  
  87  5:50  Roach  
  87  5:54  Extractor  
  87  5:55  Extractor  
  84  5:59  Overlord  
  84  6:04  Overlord  
  84  6:05  Hatchery  
  83  6:11  Glial Reconstitution  
  83  6:14  Overlord  
  83  6:17  Overseer  
  83  6:19  Drone x3  
  83  6:20  Drone x3  
  89  6:26  Overlord  
  89  6:29  Roach x4  
  97  6:36  Overlord  
  97  6:40  Ravager x2  
  97  6:41  Zergling x18  
  97  6:42  Zergling x2  
  97  6:45  Ravager  
  110  6:50  Zergling x6  
  109  7:02  Roach x6  
  113  7:14  Roach x9  
  129  7:21  Drone  
  130  7:23  Extractor  
  130  7:25  Drone x3  
  130  7:27  Evolution Chamber  
  130  7:28  Baneling Nest, Overseer  
  128  7:32  Ravager  
  128  7:33  Ravager  
  128  7:34  Drone x4  
  133  7:49  Drone x4  
  133  7:51  Overlord  
  137  7:53  Zergling x4  
  137  7:54  Zergling x6  
  137  7:55  Zergling x2  
  143  8:01  Overlord, Ravager x4  
  146  8:06  Infestation Pit  
  146  8:10  Zergling x18  
  141  8:21  Roach x7  
  145  8:27  Roach  
  145  8:28  Roach x4  
  145  8:37  Roach x4  
Show
View Real Time Build Order
Export as new Build Order

HolyHit Protoss 

Build Orders: Phoenix Opening 

Get SALT Encoding   

  12  0:01  Probe  
  13  0:13  Probe  
  14  0:18  Pylon  
  14  0:24  Probe  
  15  0:32  Probe  
  15  0:38  Gateway  
  15  0:40  Probe  
  16  0:48  Assimilator  
  17  0:51  Probe  
  18  1:03  Probe  
  19  1:16  Probe  
  20  1:19  Zealot  
  20  1:30  Cybernetics Core  
  22  1:33  Pylon  
  22  1:34  Assimilator  
  22  1:36  Probe  
  23  1:51  Probe  
  24  2:03  Probe  
  25  2:10  Adept  
  27  2:26  Nexus  
  27  2:30  Probe  
  28  2:39  Warp Gate  
  28  2:40  Sentry  
  30  2:49  Stargate  
  30  2:53  Probe  
  31  3:03  Gateway  
  31  3:11  Pylon  
  31  3:29  Probe  
  30  3:35  Phoenix  
  30  3:39  Probe  
  32  3:41  Adept  
  33  3:43  Robotics Facility  
  33  3:44  Probe  
  33  3:47  Probe  
  36  3:52  Probe  
  35  3:59  Assimilator  
  35  4:01  Assimilator  
  38  4:07  Oracle  
  39  4:10  Probe x2  
  41  4:18  Probe  
  41  4:22  Probe  
  43  4:30  Probe, Sentry  
  45  4:32  Immortal  
  45  4:35  Probe  
  51  4:38  Pylon  
  51  4:42  Probe  
  52  4:47  Probe  
  53  4:56  Oracle  
  53  4:57  Gateway, Probe  
  57  5:04  Gateway, Probe  
  58  5:10  Pylon  
  58  5:18  Probe  
  59  5:21  Observer  
  59  5:22  Probe  
  61  5:29  Sentry x2  
  65  5:36  Warp Prism  
  65  5:37  Probe  
  67  5:44  Nexus  
  67  5:45  Pylon  
  68  5:53  Sentry  
  70  6:03  Probe  
  70  6:04  Forge, Sentry x2  
  71  6:06  Twilight Council  
  72  6:12  Probe  
  72  6:15  Probe  
  72  6:16  Shield Battery, Pylon  
  74  6:23  Probe  
  75  6:28  Probe  
  75  6:31  Probe  
  76  6:32  Gateway  
  76  6:35  Immortal  
  76  6:37  Stalker  
  83  6:42  Stalker  
  83  6:45  Protoss Ground Weapons Level 1  
  85  6:51  Probe  
  85  6:53  Observer  
  86  6:54  Probe  
  86  7:00  Stalker x3  
  87  7:08  Probe x2  
  76  7:09  Probe, Charge  
  76  7:15  Sentry  
  74  7:20  Immortal, Probe x2  
  80  7:24  Zealot x2  
  84  7:33  Zealot x2  
  88  7:41  Oracle  
  86  7:45  Zealot x3  
  86  7:47  Probe x2  
  86  7:49  Pylon  
  91  7:51  Pylon  
  91  7:53  Pylon  
  91  7:54  Sentry  
  91  7:56  Assimilator  
  91  7:57  Sentry  
  98  8:03  Shield Battery  
  98  8:07  Shield Battery  
  96  8:13  Sentry  
  96  8:15  Zealot x2  
  96  8:19  Shield Battery x2, Warp Prism  
  96  8:23  Shield Battery  
  96  8:24  Zealot x2  
  79  8:36  Zealot x3  
  79  8:38  Probe  
  78  8:44  Zealot x2  
  78  8:48  Zealot  
  69  8:57  Zealot  
Tags
 
Add a new tag
Caveats
  • Supply blocks, unpowered buildings, or Contaminate may cause inaccurate times.
  • Supply counts are checked every 10 seconds.